 Dungeon Crawl Stone Soup version 0.17-a0-1078-g243345b (webtiles) character file.

107 RobertPalmer the Slasher (level 4, -2/42 HPs)
             Began as a Naga Chaos Knight on May 19, 2015.
             Killed from afar by an orc wizard (10 damage)
             ... with a magic dart
             ... on level 3 of the Dungeon.
             The game lasted 00:02:42 (1758 turns).

RobertPalmer the Slasher (Naga Chaos Knight)        Turns: 1758, Time: 00:02:43

Health: -2/42      AC:  6    Str: 14    XL:     4   Next: 85%
Magic:  4/4        EV:  9    Int: 14    God:    Xom [..*...]
Gold:   81         SH:  0    Dex: 10    Spells: 0 memorised, 3 levels left

rFire  . . .     SeeInvis +     a - +0 falchion (chaos)
rCold  . . .     Clarity  .     b - +2 leather armour
rNeg   . . .     SustAb   .     (no shield)
rPois  +         Gourm    .     h - +0 helmet
rElec  .         Spirit   .     (no cloak)
rCorr  .         Warding  .     (no gloves)
rMut   .         Stasis   .     (no barding)
MR     .....                    (no amulet)
Stlth  +.........               (no ring)
                                (no ring)

@: short of breath, very slow, not resistant to hostile enchantments, very
unstealthy
A: see invisible, deformed body, poison resistance, slowness 2, slow metabolism
1, spit poison 2, AC +1
a: Spit Poison, Renounce Religion


You were on level 3 of the Dungeon.
You worshipped Xom.
You were a toy of Xom.
You were not hungry.

You visited 1 branch of the dungeon, and saw 3 of its levels.

You collected 81 gold pieces.

Inventory:

Hand weapons
 a - a +0 falchion of chaos (weapon)
Armour
 b - a +2 leather armour (worn)
 h - a +0 helmet (worn)
   (You found it on level 2 of the Dungeon)
Jewellery
 n - an uncursed ring of invisibility {unknown}
   (You found it on level 2 of the Dungeon)
Magical devices
 q - a wand of polymorph (7)
   (You found it on level 3 of the Dungeon)
Scrolls
 e - a scroll of teleportation {unknown}
 f - 3 scrolls of identify {unknown}
 g - 2 scrolls of random uselessness {unknown}
 i - a scroll of immolation {unknown}
 k - 2 scrolls of recharging {unknown}
Potions
 m - a potion of flight {unknown}
Comestibles
 c - 2 bread rations {@e1}
 j - 3 fruits
 l - 2 beef jerkies
 o - a meat ration {@e2}
 p - 4 chunks of flesh {@w0}


   Skills:
 - Level 3.0 Fighting
 + Level 5.4 Long Blades
 - Level 1.5 Armour
 - Level 0.7 Dodging


You had 3 spell levels left.
You didn't know any spells.

Dungeon Overview and Level Annotations

Branches:
Dungeon (3/15)

Altars:


Innate Abilities, Weirdness & Mutations

You cannot wear boots.
Your serpentine skin is tough (AC +1).
You have supernaturally acute eyesight.
Armour fits poorly on your strangely shaped body.
Your system is resistant to poisons.
You cover ground very slowly.
You have a slow metabolism.
You can spit poison.


Message History

The orc hits you. The orc wizard hits you with a dagger.
You take 3 damage, and have 14/42 hp.
You closely miss the orc wizard. The orc hits you but does no damage.
The orc wizard hits you but does no damage.
You hit the orc wizard. The orc wizard barely misses you. The orc hits you.
* * * LOW HITPOINT WARNING * * *
The orc wizard barely misses you.
You take 3 damage, and have 11/42 hp.
Unknown command.
Drink which item? (? for menu, Esc to quit)
It was a potion of curing.
You feel better.
Xom roars with laughter!
The orc misses you.
The orc wizard hits you but does no damage.
You regained 6 hp, and now have 17/42 hp.
You hit the orc wizard. You burn the orc wizard.
The orc wizard hits you but does no damage.
The orc hits you. The orc wizard hits you with a dagger.
You take 3 damage, and have 14/42 hp.
You barely miss the orc wizard. The orc hits you.
The orc wizard hits you with a dagger.
* * * LOW HITPOINT WARNING * * *
You take 3 damage, and have 11/42 hp.
Unknown command.
Okay, then.
Drink which item? (? for menu, Esc to quit)
You feel better. The orc wizard hits you with a dagger.
The orc hits you but does no damage.
The orc wizard hits you but does no damage.
You regained 4 hp, and now have 15/42 hp.
Aim: an orc wizard, wielding a dagger and wearing a robe (heavily wounded, berserk, fast, unusually strong, slightly transparent)
The splash of poison misses the orc wizard.
You feel slightly more hungry.
Xom guffaws.
Your skin hardens.
The orc barely misses you. The orc wizard barely misses you.
Drink which item? (? for menu, Esc to quit)
You feel better. The orc wizard barely misses you. The orc hits you.
The orc wizard hits you but does no damage.
You regained 4 hp, and now have 19/42 hp.
You closely miss the orc wizard. The orc hits you but does no damage.
The orc wizard hits you with a dagger.
You take 2 damage, and have 17/42 hp.
You hit the orc wizard.
The orc wizard momentarily stiffens.
The orc wizard is no longer berserk.
The orc wizard barely misses you. The orc completely misses you.
The orc wizard barely misses you.
You completely miss the orc wizard.
You have got your breath back.
The orc closely misses you.
The orc wizard casts a spell.
The orc wizard blinks!
You hit the orc.
The orc is moving more slowly.
The orc hits you.
You take 3 damage, and have 15/42 hp.
You hit the orc. You burn the orc. The orc closely misses you.
You hit the orc but do no damage.
There is a sudden explosion of sparks!
You kill the orc!
You hit the orc wizard but do no damage.
You hit the orc wizard but do no damage.
The orc wizard closely misses you.
You barely miss the orc wizard.
The orc wizard hits you but does no damage.
You closely miss the orc wizard. You barely miss the orc wizard.
The orc wizard hits you but does no damage.
You barely miss the orc wizard.
The orc wizard points at you and mumbles some strange words.
The magic dart hits you!
You take 2 damage, and have 14/42 hp.
You closely miss the orc wizard.
The orc wizard looks more energetic.
The orc wizard barely misses you.
You barely miss the orc wizard.
Your skin feels tender.
The orc wizard hits you with a dagger.
* * * LOW HITPOINT WARNING * * *
You take 3 damage, and have 11/42 hp.
You hit the orc wizard. You freeze the orc wizard.
The orc wizard casts a spell.
The orc wizard blinks!
Okay, then.
Aim: an orc wizard, wielding a dagger and wearing a robe (severely wounded, slightly transparent)
The splash of poison misses the orc wizard.
You feel slightly more hungry.
Some of the chunks of flesh in your inventory have rotted away.
Xom's power almost touches on you for a moment.
A monocle briefly appears over your left eye.
You have got your breath back.
Aim: an orc wizard, wielding a dagger and wearing a robe (severely wounded, slightly transparent)
The splash of poison misses the orc wizard.
You feel slightly more hungry.
The orc wizard hits you but does no damage.
You hit the orc wizard. The orc wizard barely misses you.
You hit the orc wizard. You burn the orc wizard.
The orc wizard points at you and mumbles some strange words.
The magic dart hits you!
* * * LOW HITPOINT WARNING * * *
You take 5 damage, and have 8/42 hp.
You miss the orc wizard.
The orc wizard points at you and mumbles some strange words.
The magic dart hits you!
You die... "What!?
That's it?"

# ####### # #. b
#.....####### #..
#............ #...
#............ #....
##########........
#.....#@o...............
#......[................
####.....).......######.
#....########## #.
#....# #. #....# #.
#....# #. #....# #.
#....# ##


You could see an orc wizard (invisible).

Vanquished Creatures
  5 adders
  4 orcs (D:3)
  A ball python (D:3)
  9 goblins
  10 hobgoblins
  4 kobolds
  7 bats
  3 giant newts (D:1)
  6 jackals
  A quokka (D:3)
  8 rats
58 creatures vanquished.

Notes
Turn   | Place    | Note
--------------------------------------------------------------
     0 | D:1      | RobertPalmer the Naga Chaos Knight began the quest for the Orb.
     0 | D:1      | Reached XP level 1. HP: 21/21 MP: 1/1
    61 | D:1      | XOM: divination: detect creatures
    82 | D:1      | Reached XP level 2. HP: 14/28 MP: 2/2
   212 | D:1      | XOM: harmless Pois miscast
   245 | D:1      | Reached skill level 4 in Long Blades
   479 | D:1      | Reached XP level 3. HP: 34/34 MP: 3/3
   862 | D:1      | XOM: harmless Tloc miscast
  1219 | D:2      | Reached XP level 4. HP: 39/42 MP: 4/4
  1405 | D:2      | XOM: divination: detect creatures
  1486 | D:2      | Reached skill level 5 in Long Blades
  1709 | D:3      | XOM: confuse monster(s)
  1719 | D:3      | XOM: divination: detect creatures
  1732 | D:3      | XOM: cast spell 'Stoneskin'
  1752 | D:3      | XOM: silly message
  1757 | D:3      | HP: 8/42 [orc wizard/magic dart (5)]
  1758 | D:3      | Killed from afar by an orc wizard

Vault maps used:
D:1:      minmay_arrival_checkered_box, kennysheep_another_room, st_stairs_1

Action                   |  1- 3 |  4- 6 || total
-------------------------+-------+-------++-------
Melee: Falchion          |   115 |    86 ||   201
 Abil: Spit Poison       |       |     5 ||     5
  Use: Potion            |       |     3 ||     3
 Stab: Petrifying        |     1 |       ||     1
  Eat: Chunk             |       |     2 ||     2

Vault maps used:
D:1:      minmay_arrival_checkered_box, kennysheep_another_room, st_stairs_1

Table legend:
 A = Turns spent in this place as a percentage of turns spent in the entire game.
 B = Non-inter-level travel turns spent in this place as a percentage of non-inter-level travel turns spent in the entire game.
 C = Inter-level travel turns spent in this place as a percentage of turns spent in this place.
 D = Turns resting spent in this place as a percentage of non-inter-level travel turns spent in this place.
 E = Turns spent auto-exploring this place as a percentage of non-inter-level travel turns spent in this place.
 F = Non-inter-level travel turns spent in this place divided by the number of levels of this place that you've seen.
                   A       B       C       D       E      F
               +-------+-------+-------+-------+-------+----------------------
         Total | 100.0 | 100.0 |   0.3 |   1.5 |  10.9 | 201.0
       Dungeon | 100.0 | 100.0 |   0.3 |   1.5 |  10.9 | 201.0
               +-------+-------+-------+-------+-------+----------------------

Table legend:
 A = Kills in this place as a percentage of kills in entire the game.
 B = Kills by you in this place as a percentage of kills by you in the entire game.
 C = Kills by friends in this place as a percentage of kills by friends in the entire game.
 D = Other kills in this place as a percentage of other kills in the entire game.
 E = Experience gained in this place as a percentage of experience gained in the entire game.
 F = Experience gained in this place divided by the number of levels of this place that you have seen.
                   A       B       C       D       E      F
               +-------+-------+-------+-------+-------+----------------------
         Total | 100.0 | 100.0 |  -nan |  -nan | 100.0 |  51.0
       Dungeon | 100.0 | 100.0 |  -nan |  -nan | 100.0 |  51.0
               +-------+-------+-------+-------+-------+----------------------
